 Dungeon Sprint DCSS version 0.03.2.1-39-gc08451f611 (webtiles) character file.

Game seed: 12350055147695340376, levelgen mode: deterministic

369 esc the Quickloader (level 6, -3/48 HPs) Centaur Hunter. Began on Jan 24, 2021. Was an Initiate of Gozag Ym Sagoz. Succumbed to a gnoll sergeant's poison ... in the Dungeon (Sprint IX: "|||||||||||||||||||||||||||||"). The game lasted 00:02:24 (300 turns).

esc the Quickloader (Centaur Hunter)                 Turns: 300, Time: 00:02:25

Health: -3/48      AC:  7    Str: 14    XL:     6 ^: 205
Magic:  6/6        EV:  8    Int: 10    God:    Gozag Ym Sagoz
Gold:   0          SH:  0    Dex: 12    Spells: 5/5 levels left

rFire    . . .     Vision   .   a - +1 hand crossbow
rCold    . . .     Gourm    .   (no weapon)
rNeg     . . .     Faith    .   w - +1 scale mail
rPois    .         Spirit   .   (no helmet)
rElec    .         Reflect  .   (no cloak)
rCorr    .         Harm     .   (no gloves)
MR       .....     NoTele   +   (no barding)
Stlth    ..........             (no amulet)
HPRegen  0.26/turn              (no ring)
MPRegen  0.16/turn              (no ring)

@: lethally poisoned (-3 -> -40), gold aura, very quick
A: large, hooves 3, deformed body, speed 2, tough skin 3
a: Potion Petition, Call Merchant, Bribe Branch, Renounce Religion


You were in the Dungeon.
You worshipped Gozag Ym Sagoz.
Gozag Ym Sagoz was noncommittal.
You were not hungry.

You visited 1 branch

Inventory:

Weapons
 a - a +1 hand crossbow (weapon)
 b - a +0 short sword
 q - a +2 dire flail of crushing
 r - a +2 halberd of venom
 s - a +4 quarterstaff of distortion
 t - a +2 rapier of speed
 u - the +2 scimitar "Qing" {holy, rC+}
   (You found it in the Dungeon)

   It has been blessed by the Shining One to cause great damage to the undead
   and demons.
   It protects you from cold.
 v - a +3 war axe of freezing
Armour
 c - a +0 leather armour
 w - a +1 scale mail (worn)
Jewellery
 x - an uncursed ring of intelligence
 y - an uncursed ring of intelligence
Wands
 o - a wand of acid (10)
Scrolls
 j - 2 scrolls of blinking
 m - 3 scrolls of bless item
 n - 2 scrolls of amnesia
Potions
 e - 5 potions of curing
 f - 3 potions of heal wounds
 g - a potion of haste
 h - 4 potions of magic
 i - a potion of berserk rage
 l - a potion of invisibility
Miscellaneous
 p - a crystal ball of energy
Comestibles
 d - a ration
 k - 12 chunks of flesh


   Skills:
 - Level 2.0 Fighting
 + Level 14.8 Crossbows
 - Level 1.3 Dodging
 - Level 0.4 Stealth


You had 5 spell levels left.
You didn't know any spells.
Your spell library was empty.

Dungeon Overview and Level Annotations

Branches:
Dungeon (1/1)

Altars:
Cheibriados
Dithmenos
Elyvilon
Fedhas Madash
Gozag Ym Sagoz
Hepliaklqana
Kikubaaqudgha
Makhleb
Nemelex Xobeh
Okawaru
Qazlal
Ru
Sif Muna
Trog
Uskayaw
Vehumet
Wu Jian
Xom
Yredelemnul
Zin
The Shining One
Beogh
Jiyva
Lugonu


Innate Abilities, Weirdness & Mutations

You have hooves in place of feet.
Armour fits poorly on your strangely shaped body.
You cover ground very quickly.
You have extremely tough skin. (AC +3)


Message History

You feel very sick. (3)
The gnoll sergeant hits you from afar with a +0 spear of venom (6).
* * * LOW HITPOINT WARNING * * *
You are more poisoned.
The scorpion pinches you (1).
* * * LOW HITPOINT WARNING * * *
The scorpion pinches you but does no damage.
The scorpion bites you (5).
* * * LOW HITPOINT WARNING * * *
The scorpion stings you (1).
* * * LOW HITPOINT WARNING * * *
Aiming:
a - a +1 hand crossbow, Range: 2 (50%)
Press: ? - help, Shift-Dir - straight line, f - gnoll sergeant
Aim: a gnoll sergeant, wielding a +0 spear of venom, wearing a cursed +2 ring mail of fire resistance {(Curse: Fragile)} and wearing a +1 buckler of reflection (almost dead (4/25))
You shoot a bolt.
The scorpion makes you miss your attack.
The bolt pierces through the gnoll sergeant (5).
You kill the gnoll sergeant!
You die...
Your body crumbles into a pile of gold. ▓▓▓▓▓▓▓▓▓▓▓▓▓▓▓▓▓▓▓▓▓▓▓▓ .$$$.$s@..[[....'_______ ▓▓▓▓▓▓▓▓▓▓▓▓▓▓▓▓▓▓▓▓▓▓▓▓ $ $$$$$ $ $ $ $$$$$ $$$$$$

You could see a scorpion.

Vanquished Creatures
  An ogre (D)
  A big kobold (D)
  A centaur (D)
  A gnoll sergeant (D)
  A hound (D)
  An iguana (D)
  A worker ant (D)
  3 cinder newts (D)
  An orc (D)
  2 hobgoblins (D)
  A bat (D)
  A bat skeleton (D)
15 creatures vanquished.

Vanquished Creatures (others)
  A spatial maelstrom (D)
1 creature vanquished.

Grand Total: 16 creatures vanquished

Notes
Turn   | Place    | Note
-------+----------+-------------------------------------------
     0 | D        | esc the Centaur Hunter began the quest for the Orb.
     0 | D        | Reached XP level 1. HP: 17/17 MP: 1/1
     4 | D        | Reached skill level 5 in Crossbows
     6 | D        | Reached skill level 6 in Crossbows
     6 | D        | Reached XP level 2. HP: 22/24 MP: 2/2
     7 | D        | Reached skill level 7 in Crossbows
    12 | D        | Banished a spatial maelstrom
   123 | D        | Noticed an ogre
   126 | D        | Reached skill level 9 in Crossbows
   126 | D        | Reached XP level 3. HP: 23/29 MP: 3/3
   126 | D        | Killed an ogre
   126 | D        | Reached skill level 11 in Crossbows
   126 | D        | Reached XP level 4. HP: 29/36 MP: 4/4
   126 | D        | Reached XP level 5. HP: 33/41 MP: 5/5
   129 | D        | Reached skill level 12 in Crossbows
   238 | D        | Found a roughly hewn altar of Beogh.
   238 | D        | Found a snail-covered altar of Cheibriados.
   238 | D        | Found a shadowy altar of Dithmenos.
   238 | D        | Found a white marble altar of Elyvilon.
   238 | D        | Found a blossoming altar of Fedhas.
   238 | D        | Found an opulent altar of Gozag.
   239 | D        | Found a hazy altar of Hepliaklqana.
   240 | D        | Found a viscous altar of Jiyva.
   241 | D        | Found an ancient bone altar of Kikubaaqudgha.
   242 | D        | Found a corrupted altar of Lugonu.
   243 | D        | Found a burning altar of Makhleb.
   244 | D        | Found a sparkling altar of Nemelex Xobeh.
   245 | D        | Found an iron altar of Okawaru.
   246 | D        | Became a worshipper of Gozag Ym Sagoz the Greedy
   247 | D        | Found a stormy altar of Qazlal.
   248 | D        | Found a sacrificial altar of Ru.
   249 | D        | Found a shimmering blue altar of Sif Muna.
   250 | D        | Found a bloodstained altar of Trog.
   251 | D        | Found a hide-covered altar of Uskayaw.
   252 | D        | Found a radiant altar of Vehumet.
   253 | D        | Found an ornate altar of the Wu Jian Council.
   254 | D        | Found a shimmering altar of Xom.
   255 | D        | Found a basalt altar of Yredelemnul.
   256 | D        | Found a glowing silver altar of Zin.
   257 | D        | Found a glowing golden altar of the Shining One.
   275 | D        | Got the +2 scimitar "Qing" {holy, rC+}
   294 | D        | Noticed a scorpion
   295 | D        | Reached skill level 13 in Crossbows
   299 | D        | Reached skill level 14 in Crossbows
   299 | D        | Reached XP level 6. HP: 17/48 MP: 6/6
   299 | D        | HP: 2/48 [scorpion (5)]
   300 | D        | Succumbed to a gnoll sergeant's poison

Levels and vault maps discovered:
D:        linesprint [early_d, line_temple, items_1, d_10, items_2, lair_1,
          lair_end, items_3, orc_1, orc_end, items_4, d_15, swamp_1, shoals_1,
          snake_1, spider_1, d_20, vaults_1, items_5, swamp_end, shoals_end,
          snake_end, spider_end, vaults_end, d_27, items_6, zot_1, zot_end,
          crypt_end, forest_end, elf_end, slime_end, tomb_end, abyss_end,
          pan_hell_end]

Skill      XL: |  1  2  3  4  5 |
---------------+----------------+-----
Crossbows      | 6 9 11 14 | 14.8
Fighting       | |  2.0
Dodging        | |  1.3
Stealth        | |  0.4

Action                   |  1- 3 |  4- 6 || total
-------------------------+-------+-------++-------
 Fire: Hand crossbow     |     7 |    10 ||    17
Armor: Leather armour    |     2 |       ||     2
       Scale mail        |       |     5 ||     5
Dodge: Dodged            |     1 |     5 ||     6
